 Dungeon Crawl Stone Soup version 0.31-a0-986-g5e6e4ef867 (webtiles) character file.

Game seed: 10875417983346936134

194 gelatine the Trooper (level 5, -2/42 HPs)
             Began as a Demonspawn Fighter on Nov 15, 2023.
             Slain by Menkaure (18 damage)
             ... on level 4 of the Dungeon.
             The game lasted 00:07:10 (3120 turns).

gelatine the Trooper (Demonspawn Fighter)           Turns: 3120, Time: 00:07:10

Health: -2/42      AC:  5    Str: 19    XL:     5   Next: 44%
Magic:  0/5        EV: 10    Int: 17    God:
Gold:   261        SH:  4    Dex: 12    Spells: 4/4 levels left

rFire   . . .        a - +0 war axe
rCold   . . .        c - +0 buckler
rNeg    . . .        t - +0 troll leather armour {Pargi}
rPois   .            (no helmet)
rElec   .            (no cloak)
rCorr   .            v - +1 pair of gloves
SInv    .            (no boots)
Will    .....        k - amulet of guardian spirit
Stlth   +            f - +6 ring of intelligence
HPRegen 1.07/turn    (no ring)
MPRegen 0.09/turn

%: guardian spirit
@: no status effects
A: spiny 1, big brain 1, demonic magic 1
a: no special abilities


You were on level 4 of the Dungeon.
You visited 1 branch of the dungeon, and saw 4 of its levels.

You collected 261 gold pieces.

Inventory:

Hand Weapons
 a - a +0 war axe (weapon)
 u - a +0 war axe
Missiles
 i - 10 poisoned darts (quivered)
 l - 29 stones
 q - 3 javelins
Armour
 c - a +0 buckler (worn)
 t - a +0 troll leather armour (worn) {Pargi}
 v - a +1 pair of gloves (worn)
Magical Staves
 g - a staff of death
Jewellery
 f - a +6 ring of intelligence (left hand)
 k - an amulet of guardian spirit (around neck)
Wands
 p - a wand of iceblast (10)
 s - a wand of light (10)
Scrolls
 j - a scroll of summoning {unknown}
 m - 3 scrolls of teleportation {unknown}
 n - 2 scrolls of identify {unknown}
 o - a scroll of amnesia {unknown}
Potions
 b - a potion of degeneration {unknown}
 d - 2 potions of might
 h - a potion of mutation {unknown}
 r - a potion of enlightenment {unknown}


   Skills:
 + Level 3.8 Fighting
 + Level 3.7 Axes
 + Level 1.0 Throwing
 + Level 3.2 Armour
 + Level 0.2 Dodging
 + Level 0.6 Stealth
 + Level 3.1 Shields


You had 4 spell levels left.
You didn't know any spells.
Your spell library contained the following spells:

 Spells                   Type           Power      Damage    Failure   Level
 Apportation              Tloc           0%         N/A       34%         1
 Necrotise                Necr           0%         1d4       34%         1
 Summon Small Mammal      Summ           0%         N/A       34%         1


Dungeon Overview and Level Annotations

Branches:
Dungeon (4/15)
 Temple: D:4-7

Altars:

Shops:
D:2 (

Annotations:
D:4 Menkaure


Innate Abilities, Weirdness & Mutations

You are partially covered in sharp spines.
You have an unusually large brain. (Int +2)
Spells you cast may paralyse adjacent enemies.


Message History

You hit the plant.
The plant is lightly damaged.
A nearby plant withers and dies.
Done exploring.
There is an escape hatch in the floor here.
You slide downwards.
The hatch slams shut behind you.
Found a pair of glowing gloves.
Found a fuming inky potion.
You see here a +1 pair of gloves.
You start removing your armour.
You continue taking off your +0 pair of gloves. x4
You finish taking off your +0 pair of gloves.
You start putting on your armour.
You continue putting on your +1 pair of gloves. x5
You finish putting on your +1 pair of gloves.
You drop a +0 scale mail.
You drop a +0 pair of gloves.
b - a fuming inky potion You now have 261 gold pieces (gained 8).
Menkaure, Prince of Dust comes into view.
Found a stone staircase leading up.
Menkaure shouts!
Menkaure gestures wildly while chanting.
Menkaure seems to speed up.
You hit Menkaure.
Menkaure is moderately damaged.
Menkaure hits you. Menkaure completely misses you.
You hit Menkaure.
Menkaure is heavily damaged.
Menkaure calls on the powers of darkness!
Your body is wracked with pain!
You slash Menkaure!
Menkaure is almost destroyed.
Menkaure is struck by your spines. Menkaure closely misses you.
Menkaure calls on the powers of darkness!
Your body is wracked with pain!
You hit Menkaure but do no damage.
Menkaure is almost destroyed.
Menkaure hits you!!
You die...

#....##
##.....##
#.......# .
#.......## ..
#........# ..#
#........###...#
#.............#
###........#..#
####..@..# .<
###M..# #...#
...## ...# #...#
#...# #..##


You could see Menkaure (fast).

Vanquished Creatures
  Pargi (D:3)
  2 adders (D:3)
  A gnoll (D:1)
  A worm (D:2)
  A dart slug (D:1)
  5 orcs
  3 bats
  8 endoplasms
  A giant cockroach (D:1)
  2 goblins (D:1)
  7 hobgoblins
  6 jackals
  A quokka (D:3)
  6 ball pythons
  6 frilled lizards
  6 kobolds
  6 rats
  A spectral kobold (D:1)
64 creatures vanquished.

Notes
Turn   | Place    | Note
-------+----------+-------------------------------------------
     0 | D:1      | gelatine the Demonspawn Fighter began the quest for the
                  | Orb.
     0 | D:1      | Reached XP level 1. HP: 18/18 MP: 1/1
   109 | D:1      | Found a faded altar of an unknown god.
   260 | D:1      | Gained mutation: You are partially covered in sharp spines.
                  | [demonic ancestry]
   260 | D:1      | Reached XP level 2. HP: 24/24 MP: 2/2
   919 | D:1      | Gained mutation: Spells you cast may paralyse adjacent
                  | enemies. [demonic ancestry]
   919 | D:1      | Reached XP level 3. HP: 27/29 MP: 3/3
  1368 | D:2      | Found Erchupoz's Weapon Emporium.
  2121 | D:3      | Reached XP level 4. HP: 27/36 MP: 2/4
  2727 | D:3      | You fall into a shaft and drop 1 floor!
  2871 | D:3      | Noticed Pargi
  2878 | D:3      | Killed Pargi
  2879 | D:3      | Reached skill level 1 in Throwing
  2879 | D:3      | Gained mutation: You have an unusually large brain. (Int
                  | +2) [demonic ancestry]
  2879 | D:3      | Reached XP level 5. HP: 41/42 MP: 5/5
  3113 | D:4      | Noticed Menkaure
  3120 | D:4      | Slain by Menkaure

Illustrated notes

Levels and vault maps discovered:
D:1:      dpeg_arrival_water_fire, layout_basic,
          dreamdust_ecumenical_altar_drowned_temple, kennysheep_flooded_box,
          grunt_decor_resistance, dk_noncrumbling_4, grunt_decor_one_mirror
D:2:      layout_loops_cross, serial_shops, shop
D:3:      wad_woods_pond, layout_basic, uniq_pargi
D:4:      layout_cave_pods, uniq_duvessa, uniq_menkaure

Skill      XL: |  1  2  3  4 |
---------------+-------------+-----
Axes           | 2 3 |  3.7
Shields        | 3 |  3.1
Armour         | 3 |  3.2
Throwing       | 1 |  1.0
Fighting       | |  3.8
Dodging        | |  0.2
Stealth        | |  0.6

Action                     |  1- 3 |  4- 6 || total
---------------------------+-------+-------++-------
  Melee: War axe           |   100 |    45 ||   145
  Throw: Dart              |     4 |    17 ||    21
         Stone             |     1 |       ||     1
 Armour: Scale mail        |    66 |    12 ||    78
         Troll leather arm |       |     2 ||     2
  Dodge: Dodged            |    34 |    10 ||    44
  Block: Buckler           |    23 |     5 ||    28

Table legend: (Time is in decaauts)
 A = Elapsed time spent in this place.
 B = Non-inter-level travel time spent in this place.
 C = Inter-level travel time spent in this place.
 D = Time resting spent in this place.
 E = Time spent auto-exploring this place.
 F = Levels seen in this place.
 G = Mean time per level.
                   A        B        C        D        E       F      G
               +--------+--------+--------+--------+--------+-----+--------+
         Total |   3194 |   2915 |    279 |      0 |   2318 |   4 |  798.5 |
       Dungeon |   3194 |   2915 |    279 |      0 |   2318 |   4 |  798.5 |
               +--------+--------+--------+--------+--------+-----+--------+

Top non-repeatable levels by time:
     D:1: 1188 daAuts
     D:3: 952 daAuts
     D:2: 884 daAuts
     D:4: 168 daAuts
